 Dungeon Crawl Stone Soup version 0.31-a0-1025-g2e47921a08 (webtiles) character file.

Game seed: 17606288147579113308

2649 night the Skirmisher (level 9, -1/79 HPs)
             Began as a White Draconian Hunter on Nov 17, 2023.
             Was an Initiate of Hepliaklqana.
             Slain by an orc priest
             ... wielding a +0 mace
              (7 damage)
             ... on level 7 of the Dungeon.
             The game lasted 00:15:38 (8429 turns).

night the Skirmisher (White Draconian Hunter)       Turns: 8429, Time: 00:15:39

Health: -1/79      AC: 10    Str: 13    XL:     9   Next: 36%
Magic:  11/12      EV: 12    Int:  9    God:    Hepliaklqana [......]
Gold:   366        SH:  0    Dex: 20    Spells: 8/8 levels left

rFire   . . .        a - +0 shortbow
rCold   + . .        (shield currently unavailable)
rNeg    + . .        (body armour unavailable)
rPois   .            (helmet restricted)
rElec   .            j - +1 cloak
rCorr   +            (no gloves)
SInv    .            p - +0 pair of boots
Will    .....        (no amulet)
Stlth   +++          q - ring of resist corrosion
HPRegen 0.33/turn    y - ring of positive energy
MPRegen 0.13/turn

%: no passive effects
@: no status effects
A: breathe frost, AC +7, unfitting armour, cold resistance 1, cold-blooded
a: Breathe Frost, Renounce Religion


You were on level 7 of the Dungeon.
You worshipped Hepliaklqana.
Hepliaklqana was noncommittal.
You visited 2 branches of the dungeon, and saw 8 of its levels.

You collected 366 gold pieces.

Inventory:

Hand Weapons
 a - a +0 shortbow (weapon)
Missiles
 d - 45 stones
 m - 18 poisoned darts
Armour
 j - a +1 cloak (worn)
 p - a +0 pair of boots (worn)
Jewellery
 q - a ring of resist corrosion (left hand)
 y - a ring of positive energy (right hand)
Wands
 x - a wand of flame (15)
Scrolls
 b - 2 scrolls of butterflies
 e - a scroll of enchant armour
 f - 3 scrolls of teleportation
 g - a scroll of silence
 k - a scroll of brand weapon
 l - 5 scrolls of noise
 r - a scroll of fog
 u - 2 scrolls of vulnerability {unknown}
 v - a scroll of enchant weapon {unknown}
Potions
 c - 3 potions of might
 h - a potion of invisibility
 i - 2 potions of berserk rage
 n - a potion of heal wounds
 o - a potion of magic {unknown}
 s - a potion of lignification
 t - 3 potions of curing {unknown}
 w - a potion of haste {unknown}


   Skills:
 + Level 7.3 Fighting
 * Level 9.2 Ranged Weapons
 - Level 1.7 Dodging
 - Level 4.9 Stealth
 + Level 4.1 Invocations


You had 8 spell levels left.
You didn't know any spells.
Your spell library contained the following spells:

 Spells                   Type           Power      Damage    Failure   Level
 Slow                     Hex            0%         N/A       38%         1
 Scorch                   Fire           0%         2d5       52%         2
 Wereblood                Tmut           0%         N/A       52%         2
 Confusing Touch          Hex            0%         N/A       77%         3
 Sigil of Binding         Hex            0%         N/A       77%         3
 Stone Arrow              Conj/Erth      0%         3d7       77%         3
 Vampiric Draining        Necr           0%         2d6       77%         3
 Flame Wave               Conj/Fire      0%         2d4       99%         4
 Irradiate                Conj/Tmut      0%         3d11      100%        5
 Summon Cactus Giant      Summ           0%         N/A       100%        6
 Lehudib's Crystal Spear  Conj/Erth      0%         10d2      100%        8
 Animate Armour           Summ/Erth      Unusable   N/A       N/A         4

Dungeon Overview and Level Annotations

Branches:
Dungeon (7/15)             Temple (1/1) D:6

Altars:
Ashenzari
Cheibriados
Dithmenos
Elyvilon
Fedhas
Hepliaklqana
Kikubaaqudgha
Makhleb
Nemelex Xobeh
Okawaru
Qazlal
Ru
Sif Muna
Trog
Uskayaw
Vehumet
Xom
Yredelemnul
Zin
The Shining One

Shops:
D:2 (

Annotations:
D:3 1 runed translucent door, Crazy Yiuf


Innate Abilities, Weirdness & Mutations

You can breathe waves of freezing cold which knock back foes.
Your icy white scales are hard. (AC +7)
You cannot fit into any form of body armour.
Your flesh is cold resistant. (rC+)
You are cold-blooded and may be slowed by cold attacks.


Message History

The arrow hits the orc warrior but does no damage.
The orc warrior is almost dead.
The orc warrior hits you from afar with a +0 halberd!
You are too injured to fight recklessly!
You are too injured to fight recklessly!
The orc warrior attacks as it pursues you!
The orc warrior misses you.
You shoot an arrow.
The arrow hits the orc warrior but does no damage.
The orc warrior is almost dead.
You shoot an arrow.
The arrow closely misses the orc warrior.
The orc warrior barely misses you.
You shoot an arrow.
The arrow barely misses the orc warrior.
The arrow hits the orc priest!
The orc priest is heavily wounded.
The orc warrior hits you from afar with a +0 halberd!
* * * LOW HITPOINT WARNING * * *
You shoot an arrow.
The arrow hits the orc warrior but does no damage.
The orc warrior is almost dead.
The orc warrior closely misses you.
You shoot an arrow. The arrow hits the orc warrior.
You kill the orc warrior!
Your Invocations skill increases to level 4!
You shoot an arrow.
The arrow hits the orc but does no damage.
The orc priest calls down the wrath of Beogh upon you.
Beogh smites you!
* * * LOW HITPOINT WARNING * * *
You shoot an arrow. The arrow hits the orc.
The orc is severely wounded.
You shoot an arrow. The arrow hits the orc!
You kill the orc!
You shoot an arrow.
The arrow hits the orc priest but does no damage.
The orc priest is moderately wounded.
The orc priest hits you with a +0 mace!
You die...

.................# #.....#......
.................# #........##..
###.#............# #.##....###..
.#### ...........## #..#..### #..
..## .##.....)..# #....## ##..
...## #.....##..###oo#.# #...
#.#.#.####..#####.....#### ##..
#........#.###.##.#..## ####
..#.##......#.@o).##..# #...
#....###......)#####...## #....#
>...####...##..## ##.....##..###
....#....####...# ........ #
..........# ##..## ........####
#.........####...###..#..........
##..#.......#.........#......#...
....##............)......... ##..
...................#........###..


You could see an orc priest.

Vanquished Creatures
  Sigmund (D:3)
  A steam dragon (D:5)
  Menkaure (D:6)
  3 water moccasins
  Duvessa (D:6)
  An ice beast (D:4)
  4 orc warriors
  2 sky beasts (D:7)
  An ogre (D:6)
  A centaur (D:7)
  2 phantoms
  A scorpion (D:5)
  Dowan (D:6)
  2 orc priests (D:7)
  2 sleepcaps
  A gnoll bouda (D:3)
  4 hounds
  A jelly (D:6)
  Jessica (D:3)
  3 orc wizards
  5 iguanas
  10 gnolls
  6 adders
  12 orcs
  7 ball pythons
  2 bats
  7 endoplasms
  5 giant cockroaches
  9 goblins
  4 hobgoblins
  4 kobolds
  A quokka (D:1)
  6 frilled lizards
  4 rats
116 creatures vanquished.

Notes
Turn   | Place    | Note
-------+----------+-------------------------------------------
     0 | D:1      | night the Draconian Hunter began the quest for the Orb.
     0 | D:1      | Reached XP level 1. HP: 17/17 MP: 1/1
    24 | D:1      | Reached skill level 1 in Stealth
   121 | D:1      | Reached XP level 2. HP: 25/25 MP: 2/2
   418 | D:1      | Reached skill level 4 in Ranged Weapons
   753 | D:2      | Found a faded altar of an unknown god.
   894 | D:2      | Reached XP level 3. HP: 25/30 MP: 3/3
  1447 | D:2      | Reached XP level 4. HP: 36/38 MP: 4/4
  1463 | D:2      | Reached skill level 2 in Stealth
  1500 | D:2      | Found Maetext's Antique Weapon Emporium.
  2081 | D:3      | Noticed Sigmund
  2488 | D:3      | Killed Sigmund
  2489 | D:3      | Reached skill level 5 in Ranged Weapons
  2489 | D:3      | Reached XP level 5. HP: 21/46 MP: 5/5
  2489 | D:3      | Reached XP level 6. HP: 24/52 MP: 6/6
  2668 | D:3      | Noticed Jessica
  2673 | D:3      | Killed Jessica
  3322 | D:3      | Found a runed translucent door.
  3323 | D:3      | Noticed Crazy Yiuf
  3473 | D:4      | Noticed a water moccasin
  3497 | D:3      | Killed a water moccasin
  3498 | D:3      | Reached skill level 6 in Ranged Weapons
  4281 | D:5      | Entered Level 5 of the Dungeon
  4287 | D:5      | Noticed an ice beast
  4289 | D:5      | Your scales start taking on an icy white colour.
  4289 | D:5      | Reached XP level 7. HP: 57/60 MP: 7/7
  4289 | D:5      | Gained mutation: Your flesh is cold resistant. (rC+) [White
                  | Draconian growth]
  4480 | D:5      | Noticed a steam dragon
  4497 | D:5      | Killed a steam dragon
  4498 | D:5      | Reached skill level 5 in Fighting
  4774 | D:5      | Found a shadowy altar of Dithmenos.
  5096 | D:5      | Found a white marble altar of Elyvilon.
  5368 | D:6      | Reached skill level 7 in Ranged Weapons
  5368 | D:6      | Reached XP level 8. HP: 69/69 MP: 8/8
  5406 | D:6      | Found an iron altar of Okawaru.
  5597 | D:6      | Identified the +2 quarterstaff of Quantum Leap {heavy, rF+}
  5644 | D:6      | Found a staircase to the Ecumenical Temple.
  5654 | Temple   | Entered the Ecumenical Temple
  5722 | Temple   | Became a worshipper of Hepliaklqana the Forgotten
  5803 | D:6      | Noticed Duvessa
  5806 | D:6      | Noticed Dowan
  5933 | D:6      | Killed Duvessa
  5934 | D:6      | Reached skill level 1 in Invocations
  5942 | D:6      | Killed Dowan
  5959 | D:6      | Reached skill level 8 in Ranged Weapons
  5959 | D:6      | Reached skill level 2 in Invocations
  6429 | D:6      | Noticed Menkaure
  6435 | D:6      | Killed Menkaure
  7206 | D:7      | Reached XP level 9. HP: 62/78 MP: 11/11
  7644 | D:6      | HP: 11/78 [poisoned by a water moccasin]
  7649 | D:6      | HP: 6/78 [poisoned by a water moccasin]
  8157 | D:7      | Identified the +1 battleaxe "Hah Bif" {holy, Dex+7}
  8197 | D:7      | Reached skill level 9 in Ranged Weapons
  8426 | D:7      | HP: 5/79 [orc priest/divine providence (13)]
  8429 | D:7      | Slain by an orc priest

Illustrated notes

Levels and vault maps discovered:
D:1:      ebering_trefoil_3fold, layout_basic
D:2:      layout_loops_ring, serial_shops, shop, basic_ecumenical_altar
D:3:      layout_basic, nicolae_grassy_gnolls, uniq_crazy_yiuf_cottage,
          uniq_jessica, uniq_sigmund
D:4:      layout_loops_ring, dk_rats_in_the_wall
D:5:      layout_loops_ring, elyvilon_altar_4, lemuel_tele_altar
D:6:      layout_loops_ring, okawaru_trees_1, minmay_temple_entry_waves,
          uniq_duvessa, uniq_menkaure
D:7:      layout_cave_pools, chequers_serial_rivers_room_a
Temple:   minmay_temple_bridge_d

Skill      XL: |  1  2  3  4  5  6  7  8  9 |
---------------+----------------------------+-----
Stealth        | 1 3 4 |  4.9
Ranged Weapons | 4 5 6 7 8 9 |  9.2
Fighting       | 3 4 5 6 7 |  7.3
Invocations    | 2 4 |  4.1
Dodging        | |  1.7

Action                     |  1- 3 |  4- 6 |  7- 9 || total
---------------------------+-------+-------+-------++-------
  Melee: Shortbow          |     2 |       |       ||     2
   Fire: Shortbow          |   103 |   153 |   408 ||   664
  Throw: Dart              |       |     4 |       ||     4
Ability: Breathe Frost     |       |       |     5 ||     5
    Use: Potion            |     2 |     2 |       ||     4
         Scroll            |       |     7 |     1 ||     8
 Armour: Skin              |    31 |    69 |   204 ||   304
  Dodge: Dodged            |    44 |    46 |   143 ||   233

Table legend: (Time is in decaauts)
 A = Elapsed time spent in this place.
 B = Non-inter-level travel time spent in this place.
 C = Inter-level travel time spent in this place.
 D = Time resting spent in this place.
 E = Time spent auto-exploring this place.
 F = Levels seen in this place.
 G = Mean time per level.
                   A        B        C        D        E       F      G
               +--------+--------+--------+--------+--------+-----+--------+
         Total |   8488 |   7945 |    543 |   2489 |   4096 |   8 | 1061.0 |
       Dungeon |   8351 |   7942 |    409 |   2489 |   4096 |   7 | 1193.0 |
        Temple |    136 |      2 |    134 |      0 |      0 |   1 |  136.0 |
               +--------+--------+--------+--------+--------+-----+--------+

Top non-repeatable levels by time:
     D:6: 2392 daAuts
     D:2: 1409 daAuts
     D:3: 1408 daAuts
     D:5: 955 daAuts
     D:4: 890 daAuts
     D:1: 756 daAuts
     D:7: 540 daAuts
  Temple: 136 daAuts
